 Dungeon Crawl Stone Soup version 0.27.1-33-g824d729ab1 (webtiles) character file.

Game seed: 1636506997119060496

15948 McKennaii the Destroyer (level 11, 0/74 HPs)
             Began as a Demigod Conjurer on Dec 6, 2021.
             Slain by a hornet (5 damage)
             ... on level 11 of the Dungeon.
             The game lasted 00:21:20 (14292 turns).

McKennaii the Destroyer (Demigod Conjurer)         Turns: 14292, Time: 00:21:21

Health: 0/74       AC:  6    Str: 14    XL:     11   Next: 75%
Magic:  1/31       EV: 12    Int: 34    God:
Gold:   598        SH:  5    Dex: 12    Spells: 21/33 levels left

rFire    . . .     SeeInvis .   l - staff of poison
rCold    + + .     Faith    .   m - +0 buckler
rNeg     . . .     Spirit   .   a - +0 robe
rPois    +         Reflect  .   t - +0 helmet
rElec    .         Harm     .   s - +0 cloak
rCorr    .         Rampage  .   n - +0 pair of gloves of Least Resistance {rC+ Int+2}
Will     +....                  p - +0 pair of boots
Stlth    ++........             c - amulet of regeneration
HPRegen  1.22/turn              C - +6 ring of strength
MPRegen  0.22/turn              L - ring of protection from cold

@: no status effects
A: high mp 1, forlorn
a: no special abilities


You were on level 11 of the Dungeon.
You visited 1 branch of the dungeon, and saw 11 of its levels.
You also visited: Bailey.

You collected 745 gold pieces.
You spent 147 gold pieces at shops.

Inventory:

Armour
 a - a +0 robe (worn)
 m - a +0 buckler (worn)
 n - the +0 pair of gloves of Least Resistance (worn) {rC+ Int+2}
   (You found it on level 4 of the Dungeon)

   Int:       It affects your intelligence (+2).
   rC:        It protects you from cold.
 p - a +0 pair of boots (worn)
 s - a +0 cloak (worn)
 t - a +0 helmet (worn)
 B - the +1 ring mail "Ketep" {rPois}
   (You found it on level 6 of the Dungeon)

   rPois:     It protects you from poison.
Magical Staves
 l - a staff of poison (weapon)
Jewellery
 c - an amulet of regeneration (around neck)
 C - a +6 ring of strength (left hand)
 J - a ring of fire
 L - a ring of protection from cold (right hand)
Wands
 r - a wand of polymorph (29)
 y - a wand of iceblast (9)
 E - a wand of flame (14)
Scrolls
 b - 4 scrolls of summoning
 d - 2 scrolls of amnesia {unknown}
 f - a scroll of brand weapon
 g - 3 scrolls of teleportation
 h - 3 scrolls of magic mapping {unknown}
 i - 9 scrolls of enchant weapon
 v - a scroll of fear {unknown}
 w - 5 scrolls of enchant armour
 z - 2 scrolls of vulnerability {unknown}
 A - 2 scrolls of immolation {unknown}
 K - a scroll of torment {unknown}
Potions
 e - 3 potions of might
 j - a potion of resistance
 k - a potion of berserk rage
 q - 2 potions of attraction {unknown}
 u - 3 potions of curing {unknown}
 x - 4 potions of haste {unknown}
 D - a potion of flight {unknown}
 F - a potion of mutation {unknown}
 G - a potion of invisibility
 H - 2 potions of magic {unknown}


   Skills:
 - Level 1.7 Dodging
 - Level 1.7 Stealth
 - Level 4.0 Shields
 + Level 11.9 Spellcasting
 - Level 12.0 Conjurations
 - Level 2.0 Translocations
 + Level 1.8 Air Magic


You had 21 spell levels left.
You knew the following spells:

 Your Spells              Type           Power      Damage    Failure   Level
a - Magic Dart            Conj           100%       1d8       0%          1
b - Searing Ray           Conj           100%       3d7       1%          2
c - Iskenderun's Mystic   Conj/Tloc      61%        2d13      1%          4
d - Lightning Bolt        Conj/Air       30%        1d47      3%          5

Your spell library contained the following spells:

 Spells                   Type           Power      Damage    Failure   Level
 Static Discharge         Conj/Air       61%        N/A       1%          2
 Conjure Flame            Conj/Fire      57%        6-21      1%          3
 Dazzling Flash           Conj/Hex       100%       N/A       1%          3
 Fulminant Prism          Conj/Hex       28%        3d14      1%          4
 Sticky Flame             Conj/Fire      57%        2d7       1%          4
 Beastly Appendage        Tmut           40%        N/A       2%          1
 Summon Small Mammal      Summ           80%        N/A       2%          1
 Slow                     Hex            20%        N/A       3%          2
 Sublimation of Blood     Necr           10%        N/A       3%          2
 Wereblood                Tmut           20%        N/A       3%          2
 Irradiate                Conj/Tmut      28%        3d22      5%          5
 Call Canine Familiar     Summ           20%        N/A       7%          3
 Confusing Touch          Hex            20%        N/A       7%          3
 Ignite Poison            Fire/Tmut/Pois 30%        N/A       7%          3
 Spider Form              Tmut/Pois      15%        N/A       7%          3
 Summon Guardian Golem    Hex/Summ       20%        N/A       7%          3
 Petrify                  Tmut/Erth      20%        N/A       22%         4
 Silence                  Hex/Air        13%        N/A       38%         5
 Agony                    Necr           20%        N/A       52%         5
 Yara's Violent Unravell  Hex/Tmut       10%        3d6       52%         5
 Maxwell's Capacitive Co  Air            16%        ∞         100%        8


Dungeon Overview and Level Annotations

Branches:
Dungeon (11/15)            Temple (0/1) D:5            Lair (0/6) D:10
 Bailey (visited)
    Orc: D:9-12

Shops:
D:3 =   D:6 *   D:7 *

Annotations:
D:9 3 runed translucent doors, DenSaoPin's ghost, novice HOMo


Innate Abilities, Weirdness & Mutations

Your attributes grow dramatically as you level up.
You have an increased reservoir of magic. (+10% MP)
You shall have no god before yourself.


Message History

The hornet is severely wounded.
A shadow comes into view.
The hornet stings you!
* * * LOW HITPOINT WARNING * * *
Unknown command.
The searing ray hits the hornet.
The hornet is severely wounded.
The hornet stings you!
* * * LOW HITPOINT WARNING * * *
The hornet stings you.
* * * LOW HITPOINT WARNING * * *
Unknown command.
Unknown command.
Casting: Searing Ray (safe; 1% risk of failure)
Confirm with . or Enter, or press ? or * to list all spells.
You erupt in a blast of force!
The mystic blast hits the hornet.
The hornet is almost dead.
The hornet is knocked back by the mystic blast.
Unknown command.
Okay, then.
As you read the scroll of summoning, it crumbles to dust.
Wisps of shadow whirl around you...
The shadow slips into darkness.
The shadow flickers and vanishes!
Deactivating autopickup; reactivate with Ctrl-A.
Unknown command.
Casting: Iskenderun's Mystic Blast (dangerous; 1% risk of failure)
Confirm with . or Enter, or press ? or * to list all spells.
Aiming: Searing Ray (safe; 1% risk of failure)
Press: ? - help, Shift-Dir - straight line, f/p - hornet
Aim: a hornet (almost dead, ally target, 74% to hit)
The searing ray misses the hornet. (Press . to maintain the ray.)
The shadow strikes at your kobold from the darkness!
Your kobold dies!
Your kobold's corpse dissolves into shadows!
Your centaur warrior zombie misses the hornet.
Your centaur warrior zombie barely misses the hornet.
The hornet stings you.
You die...

#.......#
####
#.......#
#..{....#
#K..K...+
#.K.K.K.#
#.......#
#..KKK..#
+yT.....#
#@ZO....#
#########


You could see a hornet (ally target), a friendly two-headed ogre (summoned), 4
friendly kobold demonologists, a friendly troll (summoned), 2 friendly kobold
brigands, a friendly centaur warrior zombie (summoned) and 2 friendly kobolds.

Vanquished Creatures
  A hydra (D:10)
  A centaur warrior (D:10)
  6 orc knights (Bailey)
  Pikel (D:3)
  A manticore (D:10)
  A cyclops (D:10)
  The ghost of McKennaii the Chiller, a novice DgIE (D:4)
  A gargoyle (D:11)
  A kobold demonologist (D:11)
  Psyche (D:8)
  4 trolls
  A hornet (D:10)
  A shadow (D:11)
  Sigmund (D:4)
  19 yaks
  2 wyverns
  A steam dragon (D:8)
  2 acid dragons
  3 wargs (D:10)
  A water moccasin (D:9)
  2 hornet zombies (D:8)
  8 orc warriors
  2 sky beasts (D:7)
  A black bear (D:6)
  An ice beast (D:6)
  An ogre (D:5)
  6 centaurs
  A phantom (D:5)
  A bullfrog (D:8)
  7 kobold brigands
  2 wyvern skeletons (D:7)
  A water moccasin skeleton (D:4)
  7 wights
  A howler monkey (D:10)
  2 electric eels (D:7)
  4 centaur zombies
  2 hounds
  7 orc priests
  Crazy Yiuf (D:4)
  A jelly (D:8)
  3 centaur skeletons
  Natasha (thrice) (D:4)
  4 iguanas
  8 orc wizards
  2 killer bee zombies
  A hound zombie (D:5)
  3 hound skeletons (D:4)
  4 gnolls (D:4)
  4 adders
  A shadow imp (D:6)
  2 white imps
  A worm (D:1)
  A dart slug (D:2)
  41 orcs
  10 ball pythons
  11 endoplasms
  3 giant cockroaches
  A goblin (D:1)
  6 hobgoblins
  6 jackals
  21 kobolds
  9 quokkas
  2 bats
  2 frilled lizards (D:1)
  9 rats
266 creatures vanquished.

Vanquished Creatures (others)
  A plant (D:7)
1 creature vanquished.

Grand Total: 267 creatures vanquished

Notes
Turn   | Place    | Note
-------+----------+-------------------------------------------
     0 | D:1      | McKennaii the Demigod Conjurer began the quest for the Orb.
     0 | D:1      | Reached XP level 1. HP: 14/14 MP: 5/5
   407 | D:1      | Reached XP level 2. HP: 20/20 MP: 6/8
   462 | D:1      | Learned a level 2 spell: Searing Ray
  1408 | D:2      | Reached XP level 3. HP: 26/26 MP: 7/10
  2401 | D:3      | Found Vaerux's Jewellery Shop.
  3144 | D:4      | Noticed Pikel
  3144 | D:4      | Noticed a lemure
  3144 | D:4      | Noticed a lemure
  3144 | D:4      | Noticed a lemure
  3144 | D:4      | Noticed a lemure
  3198 | D:3      | Killed Pikel
  3199 | D:3      | Reached skill level 4 in Conjurations
  3199 | D:3      | Reached XP level 4. HP: 27/33 MP: 2/15
  3199 | D:3      | Reached XP level 5. HP: 31/38 MP: 2/16
  3199 | D:3      | Reached XP level 6. HP: 36/45 MP: 2/18
  3382 | D:4      | Reached skill level 5 in Conjurations
  3382 | D:4      | Reached XP level 7. HP: 45/50 MP: 5/19
  3710 | D:4      | Found a runed translucent gate.
  3710 | D:4      | Found a runed translucent gate.
  3710 | D:4      | Found a runed translucent gate.
  3713 | D:4      | Noticed McKennaii's ghost (novice DgIE)
  3836 | D:4      | Noticed Sigmund
  3841 | D:4      | Killed Sigmund
  3842 | D:4      | Reached skill level 6 in Conjurations
  3842 | D:4      | Noticed Natasha
  3857 | D:4      | Killed Natasha
  3934 | D:4      | Identified the +0 pair of gloves of Least Resistance {rC+
                  | Int+2}
  3945 | D:4      | Noticed Natasha
  3951 | D:4      | Killed Natasha
  4322 | D:4      | Noticed Natasha
  4337 | D:4      | Killed Natasha
  4383 | D:4      | Found a runed translucent door.
  4384 | D:4      | Noticed Crazy Yiuf
  4601 | D:4      | Learned a level 4 spell: Iskenderun's Mystic Blast
  4625 | D:4      | Killed Crazy Yiuf
  4631 | D:4      | Identified the +4 mace "Impbane" {vorpal, Stlth+}
  4700 | D:5      | Entered Level 5 of the Dungeon
  4722 | D:5      | Reached skill level 7 in Conjurations
  5143 | D:5      | Reached XP level 8. HP: 57/57 MP: 14/20
  5333 | D:5      | Found a staircase to the Ecumenical Temple.
  6085 | D:6      | Reached skill level 8 in Conjurations
  6692 | D:6      | Identified the +1 ring mail "Ketep" {rPois}
  6892 | D:6      | Found Zokhlu Dierph's General Store.
  6901 | D:6      | Bought a scroll of noise for 14 gold pieces
  6901 | D:6      | Bought a scroll of summoning for 133 gold pieces
  7130 | D:7      | Reached skill level 9 in Conjurations
  7319 | D:7      | Found Orisong's Gadget Gallery.
  7758 | D:7      | Reached skill level 10 in Conjurations
  7758 | D:7      | Reached skill level 1 in Translocations
  8369 | D:4      | Killed McKennaii's ghost
  8370 | D:4      | Reached XP level 9. HP: 51/62 MP: 2/21
  8812 | D:8      | Found a flagged portal.
  8824 | Bailey   | Entered a bailey
  9139 | Bailey   | Noticed an orc knight
  9160 | Bailey   | Killed an orc knight
  9362 | Bailey   | Noticed an orc knight
  9403 | Bailey   | Killed an orc knight
  9404 | Bailey   | Reached XP level 10. HP: 69/69 MP: 0/26
  9585 | Bailey   | Noticed an orc knight
  9585 | Bailey   | Noticed an orc knight
  9610 | Bailey   | Noticed an orc knight
  9611 | Bailey   | Killed an orc knight
  9632 | Bailey   | Killed an orc knight
  9635 | Bailey   | Killed an orc knight
  9792 | Bailey   | Noticed an orc knight
  9803 | Bailey   | Killed an orc knight
  9804 | Bailey   | Reached skill level 10 in Spellcasting
 10051 | D:8      | Noticed Psyche
 10060 | D:8      | Killed Psyche
 10772 | D:9      | Reached skill level 11 in Conjurations
 11552 | D:9      | Reached XP level 11. HP: 74/74 MP: 21/29
 12010 | D:9      | Reached skill level 12 in Conjurations
 12115 | D:9      | Found a runed translucent gate.
 12116 | D:9      | Found a runed translucent gate.
 12116 | D:9      | Found a runed translucent gate.
 12116 | D:9      | Noticed DenSaoPin's ghost (novice HOMo)
 12392 | D:10     | Entered Level 10 of the Dungeon
 12559 | D:10     | Noticed a five-headed hydra
 12561 | D:10     | Noticed a centaur warrior
 12569 | D:10     | Killed a centaur warrior
 12570 | D:10     | Killed a five-headed hydra
 12994 | D:10     | Found a staircase to the Lair.
 13122 | D:10     | Identified the +4 chain mail of the Lion {rC+ Str-5 Int+6
                  | Dex-5}
 14098 | D:10     | Learned a level 5 spell: Lightning Bolt
 14223 | D:11     | Reached skill level 1 in Air Magic
 14262 | D:11     | Noticed a sixfirhy
 14289 | D:11     | HP: 1/74 [hornet (5)]
 14292 | D:11     | Slain by a hornet

Illustrated notes

Levels and vault maps discovered:
D:1:      dpeg_arrival_round_a, layout_basic
D:2:      layout_loops_cross, basic_ecumenical_altar
D:3:      layout_basic, nzn_wu_jian_contemplation, serial_shops, shop
D:4:      layout_rooms, nicolae_overflow_crystal_walls,
          ebering_ghost_rock_garden, grunt_ministairs_12, abandoned_shop,
          uniq_natasha, uniq_crazy_yiuf_cottage, uniq_sigmund, uniq_pikel
D:5:      layout_layer_cave, minmay_temple_entry_enclosed_plants
D:6:      layout_basic, lemuel_doored_altar, serial_shops,
          nicolae_lakefront_shop, minmay_misc_feat_tower
D:7:      layout_basic, mainiacjoe_overflow_alcove_4, ashenzari_altar_1,
          kennysheep_mini, serial_aquarium, aquarium_bridge_square
          [aquarium_subvault_bridge, aquarium_subvault_bridge,
          aquarium_subvault_bridge, aquarium_subvault_window],
          aquarium_bridge_island_small [aquarium_subvault_small_open,
          aquarium_subvault_window, aquarium_subvault_bridge,
          aquarium_subvault_bridge, aquarium_subvault_wall], aquarium_window_2,
          aquarium_window_2, aquarium_view_2f, serial_bayou_ford_a,
          minivault_14, minmay_misc_feat_columns, minmay_misc_feat_x,
          nicolae_shop_gadgets
D:8:      layout_basic, enter_bailey_1, serial_curves, eino_curves_03,
          eino_curves_04, minmay_checkerbox, uniq_psyche
D:9:      layout_basic, gammafunk_ghost_ooze, st_stairs_2
D:10:     minmay_ornate_pinched, layout_stronghold, erik_lair_orcish_takeover,
          nicolae_two_hexagons
D:11:     layout_stronghold, uniq_grum

Skill      XL: |  1  2  3  4  5  6  7  8  9 10 11 |
---------------+----------------------------------+-----
Spellcasting   | 2 3 6 8 10 11 | 11.9
Conjurations   | 4 5 7 10 11 12 | 12.0
Translocations | 2 |  2.0
Shields        | 2 4 |  4.0
Air Magic      | 1 |  1.8
Dodging        | |  1.7
Stealth        | |  1.7

Action                   |  1- 3 |  4- 6 |  7- 9 | 10-12 || total
-------------------------+-------+-------+-------+-------++-------
Melee: Unarmed           |     3 |       |    34 |       ||    37
       Staff             |     1 |       |     3 |       ||     4
 Cast: Magic Dart        |   127 |    20 |   130 |    91 ||   368
       Searing Ray       |     4 |     1 |    70 |    68 ||   143
       Iskenderun's Myst |       |       |     6 |    16 ||    22
       Lightning Bolt    |       |       |       |     4 ||     4
Evoke: Wand              |       |       |       |     4 ||     4
  Use: Scroll            |       |       |     1 |     6 ||     7
       Potion            |       |       |       |     1 ||     1
Armor: Robe              |     1 |       |     7 |    27 ||    35
       Skin              |       |       |     5 |       ||     5
Dodge: Dodged            |    13 |     3 |    73 |    54 ||   143
Block: Buckler           |       |       |       |    15 ||    15
